 Dungeon Crawl Stone Soup version 0.25-a0-661-g55ea3d2053 (console) character file.

Game seed: 16649861104172381782, levelgen mode: classic

1957 Duffy the Insei (level 8, -1/70 HPs)
             Began as a Grey Draconian Transmuter on Mar 23, 2020.
             Was a High Priest of Ru.
             Slain by a death yak (19 damage)
             ... on level 8 of the Dungeon.
             The game lasted 00:20:31 (12948 turns).

Duffy the Insei (Grey Draconian Transmuter)        Turns: 12948, Time: 00:20:31

Health: -1/70      AC:  2    Str: 12    XL:     8   Next: 99%
Magic:  15/17      EV: 24    Int: 16    God:    Ru [*****.]
Gold:   417        SH:  0    Dex: 18    Spells: 5/20 levels left

rFire    . . .     SeeInvis .     - Unarmed
rCold    . . .     Gourm    .   (shield currently unavailable)
rNeg     . . .     Faith    .   (armour unavailable)
rPois    x         Spirit   .   (helmet currently unavailable)
rElec    .         Reflect  .   (cloak currently unavailable)
rCorr    +         Harm     .   (gloves currently unavailable)
MR       +....                  (boots currently unavailable)
Stlth    ++........             (no amulet)
HPRegen  0.21/turn              n - ring of resist corrosion
MPRegen  0.15/turn              f - ring of protection from magic

@: spider-form, drained
A: tiny, (walk through water), unfitting armour, inability to use devices,
unskilled 1, inexperienced 1, AC +11
a: End Transformation, Draw Out Power, Power Leap, Apocalypse, Renounce Religion


You were on level 8 of the Dungeon.
You worshipped Ru.
Ru was extremely pleased with you.
You were not hungry.
You were a venomous arachnid creature.
You visited 1 branch of the dungeon, and saw 8 of its levels.
You also visited: Bailey.

You collected 417 gold pieces.

Inventory:

Missiles
 a - 194 arrows
 t - 7 throwing nets (quivered)
Armour
 e - a +2 pair of boots (melded)
Jewellery
 b - an uncursed ring of protection from fire
 f - a ring of protection from magic (right front leg)
 n - a ring of resist corrosion (left front leg)
 y - an uncursed ring of fire
Scrolls
 d - 2 scrolls of fog
 i - a scroll of fear
 j - 3 scrolls of teleportation
 k - 3 scrolls of remove curse
 o - 3 scrolls of blinking
 p - a scroll of amnesia
 s - 2 scrolls of enchant armour {unknown}
 w - a scroll of enchant weapon {unknown}
 x - a scroll of random uselessness {unknown}
 A - a scroll of immolation {unknown}
Potions
 g - a potion of stabbing {unknown}
 h - a potion of curing
 l - a potion of heal wounds {unknown}
 m - 3 potions of haste
 q - 4 potions of lignification
 r - a potion of might {unknown}
 u - 2 potions of berserk rage
 v - 4 potions of flight
 B - a potion of mutation {unknown}
Comestibles
 c - 11 rations


   Skills:
 - Level 6.0(5.3) Fighting
 - Level 6.0(5.3) Dodging
 - Level 7.2(6.5) Unarmed Combat
 + Level 6.5(5.8) Spellcasting
 + Level 6.7(6.0) Transmutations
 - Level 2.0(1.3) Poison Magic


You had 5 spell levels left.
You knew the following spells:

 Your Spells              Type           Power        Failure   Level  Hunger
h - Spider Form           Tmut/Pois      ###.......   24%         3    ##.....
j - Sticks to Snakes      Tmut           ###.....     8%          2    #......
k - Apportation           Tloc           #.....       32%         1    None
l - Ice Form              Ice/Tmut       ##......     61%         4    ####...
y - Blade Hands           Tmut           ###.......   54%         5    ######.

Your spell library contained the following spells:

 Spells                   Type           Power        Failure   Level  Hunger
 Beastly Appendage        Tmut           ###...       6%          1    None
 Animate Skeleton         Necr           N/A          32%         1    None
 Corona                   Hex            #......      32%         1    None
 Infusion                 Chrm           #...         32%         1    None
 Pain                     Necr           #...         32%         1    None
 Summon Small Mammal      Summ           #...         32%         1    None
 Shroud of Golubria       Chrm/Tloc      #.....       43%         2    #......
 Song of Slaying          Chrm           #.......     43%         2    #......
 Ozocubu's Armour         Chrm/Ice       #.......     61%         3    ##.....
 Spectral Weapon          Hex/Chrm       #.......     61%         3    ##.....
 Vampiric Draining        Necr           #.........   61%         3    ##.....
 Animate Dead             Necr           N/A          92%         4    ####...
 Agony                    Necr           #.......     99%         5    ######.


Dungeon Overview and Level Annotations

Branches:
Dungeon (8/15)             Temple (0/1) D:4            Lair (0/6) D:8
 Bailey (visited)

Altars:
Cheibriados
Nemelex Xobeh
Qazlal
Ru
Trog
Uskayaw
Vehumet
Wu Jian


Innate Abilities, Weirdness & Mutations

((You can walk through water.))
((Your dull iron-grey scales are very hard. (AC +11)))
You cannot fit into any form of body armour.
((You can survive without breathing.))
((You are cold-blooded and may be slowed by cold attacks.))
You cannot study or use magical devices.
You are somewhat unskilled. (-1 Apt)
You are somewhat inexperienced. (-2 XL)


Message History

Unknown command.
You completely miss the death yak. The death yak barely misses you.
You hit the death yak but do no damage. The death yak gores you!
You hit the death yak but do no damage. The death yak gores you!
You hit the death yak but do no damage.
The death yak is poisoned.
You hit the death yak but do no damage.
The death yak looks as sick as possible!
The death yak is lightly wounded.
The death yak misses you.
You hit the death yak but do no damage.
The death yak looks as sick as possible!
The death yak is lightly wounded.
The death yak gores you!!
You are too injured to fight recklessly!
You are too injured to fight recklessly!
You hit the death yak but do no damage.
The death yak looks as sick as possible!
The death yak is lightly wounded.
The death yak gores you!!
You die...

####.##...........# #.#
#....##..........#### #.#
#######.##.##.............# #.####
..................##......# #.....
##................##......#########
#.............###.##########......#
.......#.....## #.# #.####..
..##.>.....#.# #.# #.######
...........#.## #s# #....#..
..............# #Y# ####.#..
............#+###Y# #.##.
.......###.#...##.# #....
###.######..YY.##.### #####
#............##...##
########..>..##.#..# #####.......#
##...)..#


You could see a death yak and a yak.

Vanquished Creatures
  A two-headed ogre (D:8)
  2 death yaks (D:8)
  A hippogriff (D:7)
  A spriggan (D:7)
  2 yaks (D:8)
  Duvessa (D:5)
  A black bear (D:6)
  3 ogres
  2 centaurs
  2 bullfrogs (D:7)
  3 big kobolds
  7 gnoll sergeants (Bailey)
  Dowan (D:5)
  2 scorpions
  6 killer bees (D:7)
  6 wights
  A howler monkey (D:4)
  2 crimson imps (D:5)
  A bullfrog zombie (D:8)
  3 hounds
  6 gnoll shamans (Bailey)
  7 orc priests
  2 bullfrog skeletons
  An iguana (D:5)
  6 orc wizards
  5 worker ants
  A hound zombie (D:7)
  A worker ant zombie (D:6)
  17 gnolls
  A howler monkey skeleton (D:6)
  7 adders
  2 shadow imps
  3 adder skeletons
  An adder zombie (D:4)
  A worm (D:3)
  A dart slug (D:3)
  4 leopard geckos
  18 orcs
  3 giant cockroaches
  5 goblins
  6 hobgoblins
  9 jackals
  3 quokkas
  8 bats
  2 frilled lizards
  A jackal zombie (D:7)
  21 kobolds
  A leopard gecko skeleton (D:4)
  A leopard gecko zombie (D:7)
  A quokka skeleton (D:5)
  5 rats
198 creatures vanquished.

Vanquished Creatures (collateral kills)
  A bullfrog (D:2)
  Jessica (D:2)
  3 adders (D:2)
5 creatures vanquished.

Vanquished Creatures (others)
  A gnoll sergeant (Bailey)
  A wight (D:6)
  A killer bee (D:7)
  A worker ant (D:5)
  A gnoll (Bailey)
  An orc (D:7)
6 creatures vanquished.

Grand Total: 209 creatures vanquished

Notes
Turn   | Place    | Note
-------+----------+-------------------------------------------
     0 | D:1      | Duffy the Draconian Transmuter began the quest for the Orb.
     0 | D:1      | Reached XP level 1. HP: 16/16 MP: 3/3
   333 | D:1      | Reached XP level 2. HP: 23/23 MP: 5/5
   726 | D:1      | Reached skill level 4 in Unarmed Combat
   907 | D:1      | Learned a level 2 spell: Sticks to Snakes
  1210 | D:2      | Reached XP level 3. HP: 25/28 MP: 1/6
  1220 | D:2      | Learned a level 3 spell: Spider Form
  1275 | D:2      | Noticed Jessica
  1283 | D:2      | Killed Jessica
  1300 | D:2      | Reached skill level 1 in Poison Magic
  1300 | D:2      | Reached XP level 4. HP: 35/35 MP: 7/7
  1342 | D:2      | Found a sparkling altar of Nemelex Xobeh.
  1436 | D:2      | Noticed a bullfrog
  1453 | D:2      | Killed a bullfrog
  1776 | D:2      | Found an ornate altar of the Wu Jian Council.
  1789 | D:2      | Found a sacrificial altar of Ru.
  1796 | D:2      | Found a stormy altar of Qazlal.
  1810 | D:2      | Became a worshipper of Ru the Awakened
  2433 | D:3      | Reached XP level 5. HP: 40/40 MP: 8/8
  2750 | D:4      | Reached skill level 5 in Unarmed Combat
  2957 | D:4      | Found a staircase to the Ecumenical Temple.
  3505 | D:5      | Entered Level 5 of the Dungeon
  3558 | D:5      | Reached XP level 6. HP: 42/47 MP: 6/9
  3593 | D:5      | Noticed Duvessa
  3593 | D:5      | Noticed Dowan
  3654 | D:5      | Killed Duvessa
  3774 | D:6      | Reached skill level 6 in Unarmed Combat
  3913 | D:5      | Your scales start taking on a dull iron-grey colour.
  3913 | D:5      | Reached XP level 7. HP: 35/52 MP: 7/11
  3913 | D:5      | Gained mutation: You can survive without breathing. [Grey
                  | Draconian growth]
  4389 | D:4      | Gained mutation: You cannot study or use magical devices.
                  | [Ru sacrifice]
  4389 | D:4      | Reached * piety under Ru
  4389 | D:4      | Reached ** piety under Ru
  4986 | D:6      | Found a snail-covered altar of Cheibriados.
  5022 | D:6      | Found a bloodstained altar of Trog.
  5157 | D:6      | Reached skill level 7 in Unarmed Combat
  5588 | D:5      | Killed Dowan
  5588 | D:5      | Reached XP level 8. HP: 51/60 MP: 10/14
  5601 | D:5      | Learned a level 1 spell: Apportation
  5606 | D:5      | Learned a level 4 spell: Ice Form
  5612 | D:5      | Learned a level 5 spell: Blade Hands
  6655 | D:6      | Found a snail-covered altar of Cheibriados.
  6682 | D:6      | Found a bloodstained altar of Trog.
  6933 | D:7      | Reached skill level 8 in Unarmed Combat
  7420 | D:7      | Gained mutation: You are somewhat unskilled. (-1 Apt) [Ru
                  | sacrifice]
  7420 | D:7      | Reduced skill Unarmed Combat to level 7
  7420 | D:7      | Reduced skill Poison Magic to level 1
  7420 | D:7      | Reached *** piety under Ru
  7420 | D:7      | Reached **** piety under Ru
  7429 | D:7      | Found a stormy altar of Qazlal.
  7585 | D:7      | Found a hide-covered altar of Uskayaw.
  7586 | D:7      | Found an ornate altar of the Wu Jian Council.
  7587 | D:7      | Found a bloodstained altar of Trog.
  7587 | D:7      | Found a radiant altar of Vehumet.
  7701 | D:7      | Noticed a slime creature
  7865 | D:8      | Found a flagged portal.
  7866 | D:8      | Noticed a two-headed ogre
  7879 | D:8      | Killed a two-headed ogre
  7879 | D:8      | Reached skill level 5 in Fighting
  7879 | D:8      | Reached skill level 5 in Dodging
  7879 | D:8      | Reached XP level 9. HP: 48/75 MP: 4/14
  7957 | Bailey   | Entered a bailey
 10236 | D:8      | Noticed a death yak
 10401 | D:8      | Noticed a death yak
 10455 | D:8      | Noticed a death yak
 10529 | D:8      | Killed a death yak
 10529 | D:8      | Reached skill level 5 in Spellcasting
 10529 | D:8      | Reached skill level 5 in Transmutations
 10529 | D:8      | Reached XP level 10. HP: 61/83 MP: 14/18
 11559 | D:8      | Found a staircase to the Lair.
 12206 | D:8      | Gained mutation: You are somewhat inexperienced. (-2 XL)
                  | [Ru sacrifice]
 12206 | D:8      | Reached XP level 9. HP: 75/75 MP: 18/18
 12206 | D:8      | Reached XP level 8. HP: 70/70 MP: 17/17
 12206 | D:8      | Reached ***** piety under Ru
 12260 | D:8      | Found a staircase to the Lair.
 12608 | D:8      | Killed a death yak
 12948 | D:8      | Slain by a death yak

Levels and vault maps discovered:
D:1:      minmay_arrival_wavy_path, layout_basic, minmay_small_reverse_x
D:2:      layout_rooms, nicolae_overflow_quartered_altars, first_ration,
          uniq_jessica
D:3:      layout_basic
D:4:      layout_loops_ring, minmay_temple_entry_wispy
D:5:      layout_cave_pods, uniq_duvessa
D:6:      layout_loops_ring, lightli_temple_of_fire, kennysheep_mini
D:7:      minmay_the_grid_octo_triangle [minmay_the_grid_octo_teeth,
          minmay_the_grid_octo_prize_big_c, minmay_the_grid_octo_shrine],
          layout_basic, the_bakery, hangedman_decor_opposing,
          nicolae_qazlal_general_emergency
D:8:      layout_basic, dpeg_lair_monsters, enter_bailey_2

Skill      XL: |  1  2  3  4  5  6  7  8  9 10 |
---------------+-------------------------------+-----
Unarmed Combat | 4 5 6 7 7 |  7.2
Poison Magic   | 1 2 1 2 |  2.0
Transmutations | 3 4 3 5 6 |  6.7
Spellcasting   | 3 4 3 5 6 |  6.5
Dodging        | 2 5 6 |  6.0
Fighting       | 5 6 |  6.0

Action                   |  1- 3 |  4- 6 |  7- 9 | 10-12 || total
-------------------------+-------+-------+-------+-------++-------
Melee: Unarmed           |   113 |   175 |   660 |   128 ||  1076
       Tailslap          |    13 |     4 |    58 |     8 ||    83
       Punch             |     1 |       |    17 |     3 ||    21
 Cast: Sticks to Snakes  |     2 |     3 |     7 |       ||    12
       Spider Form       |       |     8 |    37 |     7 ||    52
       Ice Form          |       |       |       |     1 ||     1
Invok: Sacrifice Artific |       |       |     1 |       ||     1
       Draw Out Power    |       |       |     3 |       ||     3
       Power Leap        |       |       |     1 |       ||     1
       Sacrifice Experie |       |       |     1 |       ||     1
       Sacrifice Skill   |       |       |     1 |       ||     1
 Abil: End Transformatio |       |       |     6 |     3 ||     9
  Use: Potion            |       |     1 |     1 |     2 ||     4
       Scroll            |       |     4 |     7 |     3 ||    14
 Stab: Sleeping          |     1 |       |       |       ||     1
       Distracted        |       |       |     5 |     3 ||     8
       Invisible         |       |       |     4 |       ||     4
  Eat: Chunk             |     1 |    10 |    18 |     7 ||    36
       Ration            |       |       |     3 |       ||     3
Armor: Skin              |    49 |    39 |   133 |    49 ||   270
Dodge: Dodged            |   102 |   103 |   462 |    77 ||   744

Table legend:
 A = Non-vault XP
 B = Vault XP
 C = Vault XP percentage of total XP
 D = Non-vault monster count
 E = Vault monster count
 F = Vault count percentage of total count
                 A         B        C        D         E       F
            +---------+---------+-------+---------+---------+-------
      Total |    4405 |    3976 |  47.4 |     165 |      44 |  21.1
            +---------+---------+-------+---------+---------+-------
        D:1 |      29 |       6 |  17.1 |      19 |       4 |  17.4
        D:2 |     111 |      33 |  22.9 |      13 |       1 |   7.1
        D:3 |      25 |       0 |   0.0 |      10 |       0 |   0.0
        D:4 |     161 |       0 |   0.0 |      17 |       0 |   0.0
        D:5 |     556 |     223 |  28.6 |      20 |       2 |   9.1
        D:6 |     958 |       0 |   0.0 |      28 |       0 |   0.0
        D:7 |    1503 |     388 |  20.5 |      49 |       3 |   5.8
        D:8 |    1062 |    2145 |  66.9 |       9 |       4 |  30.8
     Bailey |       0 |    1181 | 100.0 |       0 |      30 | 100.0
            +---------+---------+-------+---------+---------+-------
